 Dungeon Crawl Stone Soup version 0.31-a0-175-g9f7f995f2b (webtiles) character file.

Game seed: 15291284223755301087

2476 qw the Cleaver (level 9, 57/57 HPs)
             Began as a Gargoyle Fighter on June 16, 2023.
             Quit the game on level 5 of the Dungeon.
             The game lasted 00:07:18 (5129 turns).

qw the Cleaver (Gargoyle Fighter)                   Turns: 5129, Time: 00:07:19

Health: 57/57      AC: 21    Str: 21 (24) XL:     9   Next: 51%
Magic:  9/9        EV:  8    Int:  7 (9)  God:
Gold:   233        SH:  4    Dex:  7 (9)  Spells: 8/8 levels left

rFire   + + .        o - +0 war axe (vamp)
rCold   + . .        c - +0 buckler
rNeg    + . .        A - +0 chain mail
rPois   inf          u - +0 helmet
rElec   +            z - scarf {rC+ rF+}
rCorr   .            (no gloves)
SInv    .            p - +0 pair of boots
Will    .....        (no amulet) Stlth
                     g - +4 ring of protection
HPRegen 0.29/turn    h - ring of protection from fire
MPRegen 0.11/turn

%: no passive effects
@: no status effects
A: sickness immunity, AC +6, negative energy resistance 1, electricity
resistance, torment resistance 1, petrification resistance
a: no special abilities


You were on level 5 of the Dungeon.
You visited 2 branches of the dungeon, and saw 6 of its levels.

You collected 233 gold pieces.


Innate Abilities, Weirdness & Mutations

You are immune to sickness and miasma.
Your stone body is resilient. (AC +6)
You are immune to poison.
You resist negative energy. (rN+)
You are resistant to electric shocks. (rElec)
You are resistant to unholy torment.
You are immune to petrification.


   Skills:
 - Level 7.2 Fighting
 - Level 9.8 Axes
 + Level 3.2 Armour
 - Level 1.4 Dodging
 - Level 4.5 Shields


You had 8 spell levels left.
You didn't know any spells.
Your spell library was empty.

Inventory:

Hand Weapons
 i - a +0 hand axe
 o - a +0 vampiric war axe (weapon)
 v - a +0 flail
Armour
 c - a +0 buckler (worn)
 p - a +0 pair of boots (worn)
 q - a +0 cloak
 u - a +0 helmet (worn)
 z - a scarf of resistance (worn)
 A - a +0 chain mail (worn)
Jewellery
 e - a ring of ice
 g - a +4 ring of protection (left hand)
 h - a ring of protection from fire (right hand)
 k - a ring of resist corrosion
Scrolls
 a - a scroll of identify
 y - a scroll of brand weapon
Potions
 d - 2 potions of might
 f - a potion of cancellation
 j - 3 potions of resistance
 n - a potion of attraction {unknown}
 r - a potion of mutation {unknown}
 s - a potion of curing
 t - a potion of lignification {unknown}
 x - a potion of enlightenment {unknown}

Dungeon Overview and Level Annotations

Branches:
Dungeon (5/15)             Temple (1/1) D:4

Altars:
Ashenzari
Cheibriados
Dithmenos
Gozag
Hepliaklqana
Nemelex Xobeh
Ru
Sif Muna
Trog
Wu Jian
Xom
Yredelemnul
Zin
The Shining One

Shops:
D:5 :

Annotations:
D:2 1 runed translucent door, Crazy Yiuf


Message History

5090 ||| Stepping randomly (stuck).
5091 ||| Stepping randomly (stuck).
5092 ||| Stepping randomly (stuck).
5093 ||| Stepping randomly (stuck).
5094 ||| Stepping randomly (stuck).
5095 ||| Stepping randomly (stuck).
5096 ||| Stepping randomly (stuck).
5097 ||| Stepping randomly (stuck).
5098 ||| Stepping randomly (stuck).
5099 ||| Stepping randomly (stuck).
5100 ||| Stepping randomly (stuck).
5101 ||| Stepping randomly (stuck).
5102 ||| Stepping randomly (stuck).
5103 ||| Stepping randomly (stuck).
5104 ||| Stepping randomly (stuck).
5105 ||| Stepping randomly (stuck).
5106 ||| Stepping randomly (stuck).
5107 ||| Stepping randomly (stuck).
5108 ||| Stepping randomly (stuck).
5109 ||| Stepping randomly (stuck).
5110 ||| Stepping randomly (stuck).
5111 ||| Stepping randomly (stuck).
5112 ||| Stepping randomly (stuck).
5113 ||| Stepping randomly (stuck).
5114 ||| Stepping randomly (stuck).
5115 ||| Stepping randomly (stuck).
5116 ||| Stepping randomly (stuck).
5117 ||| Stepping randomly (stuck).
5118 ||| Stepping randomly (stuck).
5119 ||| Stepping randomly (stuck).
5120 ||| Stepping randomly (stuck).
5121 ||| Stepping randomly (stuck).
5122 ||| Stepping randomly (stuck).
5123 ||| Stepping randomly (stuck).
5124 ||| Stepping randomly (stuck).
5125 ||| Stepping randomly (stuck).
5126 ||| Stepping randomly (stuck).
5127 ||| Stepping randomly (stuck).
5128 ||| Stepping randomly (stuck).
Are you sure you want to abandon this character and quit the game? (Confirm with "yes".)

####.## ##.#...#### ###
#......#..# #.###
#.........####...## ####
##...#.....##.....# ...#
#...##.....#....## ...#
###.....#.........##
..#####.#..##.#.....##...#
?.##.#.....##...@.###...##
...#.......##.##...#....#
......#.....#.###.....###
###...#.......#.#.....## ####
####.##.##.............# #...
......#.###..........#########...
.........#................#..#...
#...#..##....................#...
#...##......##...................


There were no monsters in sight!

Vanquished Creatures
  Pikel (D:4)
  6 yaks (D:5)
  2 water moccasins (D:5)
  A black bear (D:4)
  An ice beast (D:4)
  An ogre (D:4)
  A phantom (D:4)
  A gnoll sergeant (D:5)
  4 scorpions
  2 jellies
  A sleepcap (D:5)
  An iguana (D:5)
  An orc wizard (D:5)
  11 gnolls (D:5)
  4 adders
  A shadow imp (D:5)
  2 worms (D:3)
  7 orcs
  8 endoplasms
  3 goblins
  6 hobgoblins
  6 jackals
  4 kobolds
  A quokka (D:2)
  6 ball pythons
  6 bats
  3 frilled lizards (D:3)
  8 rats
99 creatures vanquished.

Notes
Turn   | Place    | Note
-------+----------+-------------------------------------------
     0 | D:1      | qw the Gargoyle Fighter began the quest for the Orb.
     0 | D:1      | Reached XP level 1. HP: 14/14 MP: 1/1
     0 | D:1      | 0 ||| qw: Version: 0.2-a-29-g511e9b1
     0 | D:1      | 0 ||| qw: Game counter: 5797
     0 | D:1      | 0 ||| qw: Always use a shield: true
     0 | D:1      | 0 ||| qw: God list: Okawaru
     0 | D:1      | 0 ||| qw: Allow faded altars: false
     0 | D:1      | 0 ||| qw: Do Orc after D:15 true
     0 | D:1      | 0 ||| qw: Do second Lair branch before Depths: true
     0 | D:1      | 0 ||| qw: Lair rune preference: random
     0 | D:1      | 0 ||| qw: Plans: Normal, Zot:1-4, Slime:5, God:TSO, Crypt,
                  | Tomb, Abyss, Pan, Hells, Win
     0 | D:1      | 0 ||| PLANNING D:1-11
    73 | D:1      | Reached skill level 2 in Axes
   594 | D:1      | 594 ||| UPGRADING to +4 ring of protection.
   595 | D:1      | 595 ||| UPGRADING to ring of resist corrosion.
   596 | D:1      | 596 ||| READING 2 scrolls labelled COEGHEL JUBUTIUR.
   597 | D:1      | 597 ||| READING scroll labelled SUNLEARIMP.
   604 | D:1      | 604 ||| READING scroll labelled ZOSTACL HOWAO.
   622 | D:2      | 622 ||| Stepping ~*~*~tactically~*~*~ (stealth).
   628 | D:2      | Reached XP level 2. HP: 18/19 MP: 2/2
   936 | D:2      | Reached skill level 3 in Axes
   936 | D:2      | Reached XP level 3. HP: 23/23 MP: 3/3
  1153 | D:2      | Found a runed translucent door.
  1154 | D:2      | Noticed Crazy Yiuf
  1353 | D:2      | 1353 ||| UPGRADING to +0 pair of boots.
  1358 | D:2      | 1358 ||| UPGRADING to ring of protection from fire.
  1360 | D:2      | 1360 ||| READING scroll labelled QUGAEST JYLOIR.
  1424 | D:2      | 1424 ||| READING scroll labelled TEKHLE JAWIRA.
  1425 | D:2      | 1425 ||| DRINKING 2 lumpy blue potions.
  1426 | D:2      | 1426 ||| READING 2 scrolls of identify.
  1426 | D:2      | 1426 ||| IDENTIFYING blue potion
  1427 | D:2      | 1427 ||| DROPPING potion of berserk rage.
  1453 | D:3      | 1453 ||| Stepping ~*~*~tactically~*~*~ (hiding).
  1454 | D:3      | 1454 ||| Stepping ~*~*~tactically~*~*~ (hiding).
  1502 | D:3      | 1502 ||| Stepping ~*~*~tactically~*~*~ (stealth).
  1552 | D:3      | 1552 ||| Stepping ~*~*~tactically~*~*~ (stealth).
  1553 | D:3      | 1553 ||| Stepping ~*~*~tactically~*~*~ (stealth).
  1554 | D:3      | 1554 ||| Stepping ~*~*~tactically~*~*~ (stealth).
  1670 | D:3      | Found a snail-covered altar of Cheibriados.
  1760 | D:3      | Reached XP level 4. HP: 28/28 MP: 4/4
  1834 | D:3      | Found a bloodstained altar of Trog.
  1863 | D:3      | Reached skill level 4 in Axes
  1871 | D:3      | 1871 ||| DROPPING +0 club.
  2190 | D:3      | 2190 ||| READING scroll labelled ROPOWO LANG.
  2291 | D:3      | 2291 ||| DRINKING 3 orange potions.
  2292 | D:3      | 2292 ||| DROPPING 2 potions of brilliance.
  2353 | D:4      | Noticed Pikel
  2353 | D:4      | Noticed a lemure
  2353 | D:4      | Noticed a lemure
  2354 | D:4      | 2354 ||| Stepping ~*~*~tactically~*~*~ (stealth).
  2355 | D:4      | Noticed a lemure
  2357 | D:4      | Noticed a lemure
  2368 | D:4      | Killed Pikel
  2369 | D:4      | Reached skill level 6 in Axes
  2369 | D:4      | Reached XP level 5. HP: 27/32 MP: 5/5
  2369 | D:4      | Reached XP level 6. HP: 32/37 MP: 6/6
  2369 | D:4      | Reached XP level 7. HP: 35/41 MP: 7/7
  2394 | D:4      | 2394 ||| DROPPING +0 whip.
  2402 | D:4      | Found a sacrificial altar of Ru.
  2505 | D:4      | Found a staircase to the Ecumenical Temple.
  2506 | D:4      | 2506 ||| PLANNING TEMPLE
  2514 | Temple   | Entered the Ecumenical Temple
  2580 | Temple   | 2580 ||| PLANNING D:1-11
  2658 | D:4      | 2658 ||| Stepping ~*~*~tactically~*~*~ (hiding).
  2797 | D:4      | Reached skill level 1 in Dodging
  2849 | D:4      | Reached skill level 7 in Axes
  2957 | D:4      | Reached XP level 8. HP: 31/49 MP: 8/8
  3360 | D:4      | 3360 ||| UPGRADING to +0 helmet.
  3365 | D:4      | 3365 ||| DROPPING +2 hat.
  3366 | D:4      | 3366 ||| READING scroll labelled AKHLOCV CIOFE.
  3367 | D:4      | 3367 ||| DRINKING 2 smoky green potions.
  3368 | D:4      | 3368 ||| READING 2 scrolls of identify.
  3368 | D:4      | 3368 ||| IDENTIFYING lumpy ruby potion
  3396 | D:5      | Entered Level 5 of the Dungeon
  3397 | D:5      | 3397 ||| PLANNING OSSUARY
  3407 | D:5      | Reached skill level 8 in Axes
  3455 | D:5      | 3455 ||| Stepping ~*~*~tactically~*~*~ (stealth).
  3459 | D:5      | 3459 ||| DROPPING +1 whip of freezing.
  3468 | D:5      | Reached skill level 6 in Fighting
  3470 | D:5      | Found a broken altar of Ashenzari.
  3554 | D:5      | Found Usaoli Beqi's Book Emporium.
  3675 | D:5      | 3675 ||| Stepping ~*~*~tactically~*~*~ (hiding).
  3706 | D:5      | 3706 ||| Stepping ~*~*~tactically~*~*~ (hiding).
  3729 | D:5      | Reached skill level 9 in Axes
  3854 | D:5      | Noticed a yak
  3858 | D:5      | Noticed a yak
  3858 | D:5      | Noticed a yak
  3859 | D:5      | 3859 ||| Stepping ~*~*~tactically~*~*~ (stealth).
  3861 | D:5      | Noticed a yak
  3862 | D:5      | Noticed a yak
  3864 | D:5      | Noticed a yak
  3873 | D:5      | Killed a yak
  3874 | D:5      | Reached XP level 9. HP: 24/55 MP: 9/9
  3878 | D:5      | HP: 14/56 [yak (9)]
  4096 | D:5      | Found a sand-covered staircase.
  4097 | D:5      | 4097 ||| UPGRADING to +0 cloak.
  4102 | D:5      | 4102 ||| UPGRADING to scarf of resistance.
  4112 | D:5      | 4112 ||| UPGRADING to +0 chain mail.
  4122 | D:5      | 4122 ||| DROPPING +0 scale mail.
  4123 | D:5      | 4123 ||| DROPPING ring of wizardry.
  4124 | D:5      | 4124 ||| DRINKING 2 lumpy golden potions.
  4125 | D:5      | 4125 ||| READING 2 scrolls of identify.
  4125 | D:5      | 4125 ||| IDENTIFYING dark potion
  4126 | D:5      | 4126 ||| DROPPING potion of ambrosia.
  4127 | D:5      | 4127 ||| DROPPING potion of degeneration.
  4128 | D:5      | 4128 ||| Stepping randomly (stuck).
  4129 | D:5      | 4129 ||| Stepping randomly (stuck).
  4130 | D:5      | 4130 ||| Stepping randomly (stuck).
  4131 | D:5      | 4131 ||| Stepping randomly (stuck).
  4132 | D:5      | 4132 ||| Stepping randomly (stuck).
  4133 | D:5      | 4133 ||| Stepping randomly (stuck).
  4134 | D:5      | 4134 ||| Stepping randomly (stuck).
  4135 | D:5      | 4135 ||| Stepping randomly (stuck).
  4136 | D:5      | 4136 ||| Stepping randomly (stuck).
  4137 | D:5      | 4137 ||| Stepping randomly (stuck).
  4138 | D:5      | 4138 ||| Stepping randomly (stuck).
  4139 | D:5      | 4139 ||| Stepping randomly (stuck).
  4140 | D:5      | 4140 ||| Stepping randomly (stuck).
  4141 | D:5      | 4141 ||| Stepping randomly (stuck).
  4142 | D:5      | 4142 ||| Stepping randomly (stuck).
  4143 | D:5      | 4143 ||| Stepping randomly (stuck).
  4144 | D:5      | 4144 ||| Stepping randomly (stuck).
  4145 | D:5      | 4145 ||| Stepping randomly (stuck).
  4146 | D:5      | 4146 ||| Stepping randomly (stuck).
  4147 | D:5      | 4147 ||| Stepping randomly (stuck).
  4148 | D:5      | 4148 ||| Stepping randomly (stuck).
  4149 | D:5      | 4149 ||| Stepping randomly (stuck).
  4150 | D:5      | 4150 ||| Stepping randomly (stuck).
  4151 | D:5      | 4151 ||| Stepping randomly (stuck).
  4152 | D:5      | 4152 ||| Stepping randomly (stuck).
  4153 | D:5      | 4153 ||| Stepping randomly (stuck).
  4154 | D:5      | 4154 ||| Stepping randomly (stuck).
  4155 | D:5      | 4155 ||| Stepping randomly (stuck).
  4156 | D:5      | 4156 ||| Stepping randomly (stuck).
  4157 | D:5      | 4157 ||| Stepping randomly (stuck).
  4158 | D:5      | 4158 ||| Stepping randomly (stuck).
  4159 | D:5      | 4159 ||| Stepping randomly (stuck).
  4160 | D:5      | 4160 ||| Stepping randomly (stuck).
  4161 | D:5      | 4161 ||| Stepping randomly (stuck).
  4162 | D:5      | 4162 ||| Stepping randomly (stuck).
  4163 | D:5      | 4163 ||| Stepping randomly (stuck).
  4164 | D:5      | 4164 ||| Stepping randomly (stuck).
  4165 | D:5      | 4165 ||| Stepping randomly (stuck).
  4166 | D:5      | 4166 ||| Stepping randomly (stuck).
  4167 | D:5      | 4167 ||| Stepping randomly (stuck).
  4168 | D:5      | 4168 ||| Stepping randomly (stuck).
  4169 | D:5      | 4169 ||| Stepping randomly (stuck).
  4170 | D:5      | 4170 ||| Stepping randomly (stuck).
  4171 | D:5      | 4171 ||| Stepping randomly (stuck).
  4172 | D:5      | 4172 ||| Stepping randomly (stuck).
  4173 | D:5      | 4173 ||| Stepping randomly (stuck).
  4174 | D:5      | 4174 ||| Stepping randomly (stuck).
  4175 | D:5      | 4175 ||| Stepping randomly (stuck).
  4176 | D:5      | 4176 ||| Stepping randomly (stuck).
  4177 | D:5      | 4177 ||| Stepping randomly (stuck).
  4178 | D:5      | 4178 ||| Stepping randomly (stuck).
  4179 | D:5      | 4179 ||| Stepping randomly (stuck).
  4180 | D:5      | 4180 ||| Stepping randomly (stuck).
  4181 | D:5      | 4181 ||| Stepping randomly (stuck).
  4182 | D:5      | 4182 ||| Stepping randomly (stuck).
  4183 | D:5      | 4183 ||| Stepping randomly (stuck).
  4184 | D:5      | 4184 ||| Stepping randomly (stuck).
  4185 | D:5      | 4185 ||| Stepping randomly (stuck).
  4186 | D:5      | 4186 ||| Stepping randomly (stuck).
  4187 | D:5      | 4187 ||| Stepping randomly (stuck).
  4188 | D:5      | 4188 ||| Stepping randomly (stuck).
  4189 | D:5      | 4189 ||| Stepping randomly (stuck).
  4190 | D:5      | 4190 ||| Stepping randomly (stuck).
  4191 | D:5      | 4191 ||| Stepping randomly (stuck).
  4192 | D:5      | 4192 ||| Stepping randomly (stuck).
  4193 | D:5      | 4193 ||| Stepping randomly (stuck).
  4194 | D:5      | 4194 ||| Stepping randomly (stuck).
  4195 | D:5      | 4195 ||| Stepping randomly (stuck).
  4196 | D:5      | 4196 ||| Stepping randomly (stuck).
  4197 | D:5      | 4197 ||| Stepping randomly (stuck).
  4198 | D:5      | 4198 ||| Stepping randomly (stuck).
  4199 | D:5      | 4199 ||| Stepping randomly (stuck).
  4200 | D:5      | 4200 ||| Stepping randomly (stuck).
  4201 | D:5      | 4201 ||| Stepping randomly (stuck).
  4202 | D:5      | 4202 ||| Stepping randomly (stuck).
  4203 | D:5      | 4203 ||| Stepping randomly (stuck).
  4204 | D:5      | 4204 ||| Stepping randomly (stuck).
  4205 | D:5      | 4205 ||| Stepping randomly (stuck).
  4206 | D:5      | 4206 ||| Stepping randomly (stuck).
  4207 | D:5      | 4207 ||| Stepping randomly (stuck).
  4208 | D:5      | 4208 ||| Stepping randomly (stuck).
  4209 | D:5      | 4209 ||| Stepping randomly (stuck).
  4210 | D:5      | 4210 ||| Stepping randomly (stuck).
  4211 | D:5      | 4211 ||| Stepping randomly (stuck).
  4212 | D:5      | 4212 ||| Stepping randomly (stuck).
  4213 | D:5      | 4213 ||| Stepping randomly (stuck).
  4214 | D:5      | 4214 ||| Stepping randomly (stuck).
  4215 | D:5      | 4215 ||| Stepping randomly (stuck).
  4216 | D:5      | 4216 ||| Stepping randomly (stuck).
  4217 | D:5      | 4217 ||| Stepping randomly (stuck).
  4218 | D:5      | 4218 ||| Stepping randomly (stuck).
  4219 | D:5      | 4219 ||| Stepping randomly (stuck).
  4220 | D:5      | 4220 ||| Stepping randomly (stuck).
  4221 | D:5      | 4221 ||| Stepping randomly (stuck).
  4222 | D:5      | 4222 ||| Stepping randomly (stuck).
  4223 | D:5      | 4223 ||| Stepping randomly (stuck).
  4224 | D:5      | 4224 ||| Stepping randomly (stuck).
  4225 | D:5      | 4225 ||| Stepping randomly (stuck).
  4226 | D:5      | 4226 ||| Stepping randomly (stuck).
  4227 | D:5      | 4227 ||| Stepping randomly (stuck).
  4228 | D:5      | 4228 ||| Stepping randomly (stuck).
  4229 | D:5      | 4229 ||| Stepping randomly (stuck).
  4230 | D:5      | 4230 ||| Stepping randomly (stuck).
  4231 | D:5      | 4231 ||| Stepping randomly (stuck).
  4232 | D:5      | 4232 ||| Stepping randomly (stuck).
  4233 | D:5      | 4233 ||| Stepping randomly (stuck).
  4234 | D:5      | 4234 ||| Stepping randomly (stuck).
  4235 | D:5      | 4235 ||| Stepping randomly (stuck).
  4236 | D:5      | 4236 ||| Stepping randomly (stuck).
  4237 | D:5      | 4237 ||| Stepping randomly (stuck).
  4238 | D:5      | 4238 ||| Stepping randomly (stuck).
  4239 | D:5      | 4239 ||| Stepping randomly (stuck).
  4240 | D:5      | 4240 ||| Stepping randomly (stuck).
  4241 | D:5      | 4241 ||| Stepping randomly (stuck).
  4242 | D:5      | 4242 ||| Stepping randomly (stuck).
  4243 | D:5      | 4243 ||| Stepping randomly (stuck).
  4244 | D:5      | 4244 ||| Stepping randomly (stuck).
  4245 | D:5      | 4245 ||| Stepping randomly (stuck).
  4246 | D:5      | 4246 ||| Stepping randomly (stuck).
  4247 | D:5      | 4247 ||| Stepping randomly (stuck).
  4248 | D:5      | 4248 ||| Stepping randomly (stuck).
  4249 | D:5      | 4249 ||| Stepping randomly (stuck).
  4250 | D:5      | 4250 ||| Stepping randomly (stuck).
  4251 | D:5      | 4251 ||| Stepping randomly (stuck).
  4252 | D:5      | 4252 ||| Stepping randomly (stuck).
  4253 | D:5      | 4253 ||| Stepping randomly (stuck).
  4254 | D:5      | 4254 ||| Stepping randomly (stuck).
  4255 | D:5      | 4255 ||| Stepping randomly (stuck).
  4256 | D:5      | 4256 ||| Stepping randomly (stuck).
  4257 | D:5      | 4257 ||| Stepping randomly (stuck).
  4258 | D:5      | 4258 ||| Stepping randomly (stuck).
  4259 | D:5      | 4259 ||| Stepping randomly (stuck).
  4260 | D:5      | 4260 ||| Stepping randomly (stuck).
  4261 | D:5      | 4261 ||| Stepping randomly (stuck).
  4262 | D:5      | 4262 ||| Stepping randomly (stuck).
  4263 | D:5      | 4263 ||| Stepping randomly (stuck).
  4264 | D:5      | 4264 ||| Stepping randomly (stuck).
  4265 | D:5      | 4265 ||| Stepping randomly (stuck).
  4266 | D:5      | 4266 ||| Stepping randomly (stuck).
  4267 | D:5      | 4267 ||| Stepping randomly (stuck).
  4268 | D:5      | 4268 ||| Stepping randomly (stuck).
  4269 | D:5      | 4269 ||| Stepping randomly (stuck).
  4270 | D:5      | 4270 ||| Stepping randomly (stuck).
  4271 | D:5      | 4271 ||| Stepping randomly (stuck).
  4272 | D:5      | 4272 ||| Stepping randomly (stuck).
  4273 | D:5      | 4273 ||| Stepping randomly (stuck).
  4274 | D:5      | 4274 ||| Stepping randomly (stuck).
  4275 | D:5      | 4275 ||| Stepping randomly (stuck).
  4276 | D:5      | 4276 ||| Stepping randomly (stuck).
  4277 | D:5      | 4277 ||| Stepping randomly (stuck).
  4278 | D:5      | 4278 ||| Stepping randomly (stuck).
  4279 | D:5      | 4279 ||| Stepping randomly (stuck).
  4280 | D:5      | 4280 ||| Stepping randomly (stuck).
  4281 | D:5      | 4281 ||| Stepping randomly (stuck).
  4282 | D:5      | 4282 ||| Stepping randomly (stuck).
  4283 | D:5      | 4283 ||| Stepping randomly (stuck).
  4284 | D:5      | 4284 ||| Stepping randomly (stuck).
  4285 | D:5      | 4285 ||| Stepping randomly (stuck).
  4286 | D:5      | 4286 ||| Stepping randomly (stuck).
  4287 | D:5      | 4287 ||| Stepping randomly (stuck).
  4288 | D:5      | 4288 ||| Stepping randomly (stuck).
  4289 | D:5      | 4289 ||| Stepping randomly (stuck).
  4290 | D:5      | 4290 ||| Stepping randomly (stuck).
  4291 | D:5      | 4291 ||| Stepping randomly (stuck).
  4292 | D:5      | 4292 ||| Stepping randomly (stuck).
  4293 | D:5      | 4293 ||| Stepping randomly (stuck).
  4294 | D:5      | 4294 ||| Stepping randomly (stuck).
  4295 | D:5      | 4295 ||| Stepping randomly (stuck).
  4296 | D:5      | 4296 ||| Stepping randomly (stuck).
  4297 | D:5      | 4297 ||| Stepping randomly (stuck).
  4298 | D:5      | 4298 ||| Stepping randomly (stuck).
  4299 | D:5      | 4299 ||| Stepping randomly (stuck).
  4300 | D:5      | 4300 ||| Stepping randomly (stuck).
  4301 | D:5      | 4301 ||| Stepping randomly (stuck).
  4302 | D:5      | 4302 ||| Stepping randomly (stuck).
  4303 | D:5      | 4303 ||| Stepping randomly (stuck).
  4304 | D:5      | 4304 ||| Stepping randomly (stuck).
  4305 | D:5      | 4305 ||| Stepping randomly (stuck).
  4306 | D:5      | 4306 ||| Stepping randomly (stuck).
  4307 | D:5      | 4307 ||| Stepping randomly (stuck).
  4308 | D:5      | 4308 ||| Stepping randomly (stuck).
  4309 | D:5      | 4309 ||| Stepping randomly (stuck).
  4310 | D:5      | 4310 ||| Stepping randomly (stuck).
  4311 | D:5      | 4311 ||| Stepping randomly (stuck).
  4312 | D:5      | 4312 ||| Stepping randomly (stuck).
  4313 | D:5      | 4313 ||| Stepping randomly (stuck).
  4314 | D:5      | 4314 ||| Stepping randomly (stuck).
  4315 | D:5      | 4315 ||| Stepping randomly (stuck).
  4316 | D:5      | 4316 ||| Stepping randomly (stuck).
  4317 | D:5      | 4317 ||| Stepping randomly (stuck).
  4318 | D:5      | 4318 ||| Stepping randomly (stuck).
  4319 | D:5      | 4319 ||| Stepping randomly (stuck).
  4320 | D:5      | 4320 ||| Stepping randomly (stuck).
  4321 | D:5      | 4321 ||| Stepping randomly (stuck).
  4322 | D:5      | 4322 ||| Stepping randomly (stuck).
  4323 | D:5      | 4323 ||| Stepping randomly (stuck).
  4324 | D:5      | 4324 ||| Stepping randomly (stuck).
  4325 | D:5      | 4325 ||| Stepping randomly (stuck).
  4326 | D:5      | 4326 ||| Stepping randomly (stuck).
  4327 | D:5      | 4327 ||| Stepping randomly (stuck).
  4328 | D:5      | 4328 ||| Stepping randomly (stuck).
  4329 | D:5      | 4329 ||| Stepping randomly (stuck).
  4330 | D:5      | 4330 ||| Stepping randomly (stuck).
  4331 | D:5      | 4331 ||| Stepping randomly (stuck).
  4332 | D:5      | 4332 ||| Stepping randomly (stuck).
  4333 | D:5      | 4333 ||| Stepping randomly (stuck).
  4334 | D:5      | 4334 ||| Stepping randomly (stuck).
  4335 | D:5      | 4335 ||| Stepping randomly (stuck).
  4336 | D:5      | 4336 ||| Stepping randomly (stuck).
  4337 | D:5      | 4337 ||| Stepping randomly (stuck).
  4338 | D:5      | 4338 ||| Stepping randomly (stuck).
  4339 | D:5      | 4339 ||| Stepping randomly (stuck).
  4340 | D:5      | 4340 ||| Stepping randomly (stuck).
  4341 | D:5      | 4341 ||| Stepping randomly (stuck).
  4342 | D:5      | 4342 ||| Stepping randomly (stuck).
  4343 | D:5      | 4343 ||| Stepping randomly (stuck).
  4344 | D:5      | 4344 ||| Stepping randomly (stuck).
  4345 | D:5      | 4345 ||| Stepping randomly (stuck).
  4346 | D:5      | 4346 ||| Stepping randomly (stuck).
  4347 | D:5      | 4347 ||| Stepping randomly (stuck).
  4348 | D:5      | 4348 ||| Stepping randomly (stuck).
  4349 | D:5      | 4349 ||| Stepping randomly (stuck).
  4350 | D:5      | 4350 ||| Stepping randomly (stuck).
  4351 | D:5      | 4351 ||| Stepping randomly (stuck).
  4352 | D:5      | 4352 ||| Stepping randomly (stuck).
  4353 | D:5      | 4353 ||| Stepping randomly (stuck).
  4354 | D:5      | 4354 ||| Stepping randomly (stuck).
  4355 | D:5      | 4355 ||| Stepping randomly (stuck).
  4356 | D:5      | 4356 ||| Stepping randomly (stuck).
  4357 | D:5      | 4357 ||| Stepping randomly (stuck).
  4358 | D:5      | 4358 ||| Stepping randomly (stuck).
  4359 | D:5      | 4359 ||| Stepping randomly (stuck).
  4360 | D:5      | 4360 ||| Stepping randomly (stuck).
  4361 | D:5      | 4361 ||| Stepping randomly (stuck).
  4362 | D:5      | 4362 ||| Stepping randomly (stuck).
  4363 | D:5      | 4363 ||| Stepping randomly (stuck).
  4364 | D:5      | 4364 ||| Stepping randomly (stuck).
  4365 | D:5      | 4365 ||| Stepping randomly (stuck).
  4366 | D:5      | 4366 ||| Stepping randomly (stuck).
  4367 | D:5      | 4367 ||| Stepping randomly (stuck).
  4368 | D:5      | 4368 ||| Stepping randomly (stuck).
  4369 | D:5      | 4369 ||| Stepping randomly (stuck).
  4370 | D:5      | 4370 ||| Stepping randomly (stuck).
  4371 | D:5      | 4371 ||| Stepping randomly (stuck).
  4372 | D:5      | 4372 ||| Stepping randomly (stuck).
  4373 | D:5      | 4373 ||| Stepping randomly (stuck).
  4374 | D:5      | 4374 ||| Stepping randomly (stuck).
  4375 | D:5      | 4375 ||| Stepping randomly (stuck).
  4376 | D:5      | 4376 ||| Stepping randomly (stuck).
  4377 | D:5      | 4377 ||| Stepping randomly (stuck).
  4378 | D:5      | 4378 ||| Stepping randomly (stuck).
  4379 | D:5      | 4379 ||| Stepping randomly (stuck).
  4380 | D:5      | 4380 ||| Stepping randomly (stuck).
  4381 | D:5      | 4381 ||| Stepping randomly (stuck).
  4382 | D:5      | 4382 ||| Stepping randomly (stuck).
  4383 | D:5      | 4383 ||| Stepping randomly (stuck).
  4384 | D:5      | 4384 ||| Stepping randomly (stuck).
  4385 | D:5      | 4385 ||| Stepping randomly (stuck).
  4386 | D:5      | 4386 ||| Stepping randomly (stuck).
  4387 | D:5      | 4387 ||| Stepping randomly (stuck).
  4388 | D:5      | 4388 ||| Stepping randomly (stuck).
  4389 | D:5      | 4389 ||| Stepping randomly (stuck).
  4390 | D:5      | 4390 ||| Stepping randomly (stuck).
  4391 | D:5      | 4391 ||| Stepping randomly (stuck).
  4392 | D:5      | 4392 ||| Stepping randomly (stuck).
  4393 | D:5      | 4393 ||| Stepping randomly (stuck).
  4394 | D:5      | 4394 ||| Stepping randomly (stuck).
  4395 | D:5      | 4395 ||| Stepping randomly (stuck).
  4396 | D:5      | 4396 ||| Stepping randomly (stuck).
  4397 | D:5      | 4397 ||| Stepping randomly (stuck).
  4398 | D:5      | 4398 ||| Stepping randomly (stuck).
  4399 | D:5      | 4399 ||| Stepping randomly (stuck).
  4400 | D:5      | 4400 ||| Stepping randomly (stuck).
  4401 | D:5      | 4401 ||| Stepping randomly (stuck).
  4402 | D:5      | 4402 ||| Stepping randomly (stuck).
  4403 | D:5      | 4403 ||| Stepping randomly (stuck).
  4404 | D:5      | 4404 ||| Stepping randomly (stuck).
  4405 | D:5      | 4405 ||| Stepping randomly (stuck).
  4406 | D:5      | 4406 ||| Stepping randomly (stuck).
  4407 | D:5      | 4407 ||| Stepping randomly (stuck).
  4408 | D:5      | 4408 ||| Stepping randomly (stuck).
  4409 | D:5      | 4409 ||| Stepping randomly (stuck).
  4410 | D:5      | 4410 ||| Stepping randomly (stuck).
  4411 | D:5      | 4411 ||| Stepping randomly (stuck).
  4412 | D:5      | 4412 ||| Stepping randomly (stuck).
  4413 | D:5      | 4413 ||| Stepping randomly (stuck).
  4414 | D:5      | 4414 ||| Stepping randomly (stuck).
  4415 | D:5      | 4415 ||| Stepping randomly (stuck).
  4416 | D:5      | 4416 ||| Stepping randomly (stuck).
  4417 | D:5      | 4417 ||| Stepping randomly (stuck).
  4418 | D:5      | 4418 ||| Stepping randomly (stuck).
  4419 | D:5      | 4419 ||| Stepping randomly (stuck).
  4420 | D:5      | 4420 ||| Stepping randomly (stuck).
  4421 | D:5      | 4421 ||| Stepping randomly (stuck).
  4422 | D:5      | 4422 ||| Stepping randomly (stuck).
  4423 | D:5      | 4423 ||| Stepping randomly (stuck).
  4424 | D:5      | 4424 ||| Stepping randomly (stuck).
  4425 | D:5      | 4425 ||| Stepping randomly (stuck).
  4426 | D:5      | 4426 ||| Stepping randomly (stuck).
  4427 | D:5      | 4427 ||| Stepping randomly (stuck).
  4428 | D:5      | 4428 ||| Stepping randomly (stuck).
  4429 | D:5      | 4429 ||| Stepping randomly (stuck).
  4430 | D:5      | 4430 ||| Stepping randomly (stuck).
  4431 | D:5      | 4431 ||| Stepping randomly (stuck).
  4432 | D:5      | 4432 ||| Stepping randomly (stuck).
  4433 | D:5      | 4433 ||| Stepping randomly (stuck).
  4434 | D:5      | 4434 ||| Stepping randomly (stuck).
  4435 | D:5      | 4435 ||| Stepping randomly (stuck).
  4436 | D:5      | 4436 ||| Stepping randomly (stuck).
  4437 | D:5      | 4437 ||| Stepping randomly (stuck).
  4438 | D:5      | 4438 ||| Stepping randomly (stuck).
  4439 | D:5      | 4439 ||| Stepping randomly (stuck).
  4440 | D:5      | 4440 ||| Stepping randomly (stuck).
  4441 | D:5      | 4441 ||| Stepping randomly (stuck).
  4442 | D:5      | 4442 ||| Stepping randomly (stuck).
  4443 | D:5      | 4443 ||| Stepping randomly (stuck).
  4444 | D:5      | 4444 ||| Stepping randomly (stuck).
  4445 | D:5      | 4445 ||| Stepping randomly (stuck).
  4446 | D:5      | 4446 ||| Stepping randomly (stuck).
  4447 | D:5      | 4447 ||| Stepping randomly (stuck).
  4448 | D:5      | 4448 ||| Stepping randomly (stuck).
  4449 | D:5      | 4449 ||| Stepping randomly (stuck).
  4450 | D:5      | 4450 ||| Stepping randomly (stuck).
  4451 | D:5      | 4451 ||| Stepping randomly (stuck).
  4452 | D:5      | 4452 ||| Stepping randomly (stuck).
  4453 | D:5      | 4453 ||| Stepping randomly (stuck).
  4454 | D:5      | 4454 ||| Stepping randomly (stuck).
  4455 | D:5      | 4455 ||| Stepping randomly (stuck).
  4456 | D:5      | 4456 ||| Stepping randomly (stuck).
  4457 | D:5      | 4457 ||| Stepping randomly (stuck).
  4458 | D:5      | 4458 ||| Stepping randomly (stuck).
  4459 | D:5      | 4459 ||| Stepping randomly (stuck).
  4460 | D:5      | 4460 ||| Stepping randomly (stuck).
  4461 | D:5      | 4461 ||| Stepping randomly (stuck).
  4462 | D:5      | 4462 ||| Stepping randomly (stuck).
  4463 | D:5      | 4463 ||| Stepping randomly (stuck).
  4464 | D:5      | 4464 ||| Stepping randomly (stuck).
  4465 | D:5      | 4465 ||| Stepping randomly (stuck).
  4466 | D:5      | 4466 ||| Stepping randomly (stuck).
  4467 | D:5      | 4467 ||| Stepping randomly (stuck).
  4468 | D:5      | 4468 ||| Stepping randomly (stuck).
  4469 | D:5      | 4469 ||| Stepping randomly (stuck).
  4470 | D:5      | 4470 ||| Stepping randomly (stuck).
  4471 | D:5      | 4471 ||| Stepping randomly (stuck).
  4472 | D:5      | 4472 ||| Stepping randomly (stuck).
  4473 | D:5      | 4473 ||| Stepping randomly (stuck).
  4474 | D:5      | 4474 ||| Stepping randomly (stuck).
  4475 | D:5      | 4475 ||| Stepping randomly (stuck).
  4476 | D:5      | 4476 ||| Stepping randomly (stuck).
  4477 | D:5      | 4477 ||| Stepping randomly (stuck).
  4478 | D:5      | 4478 ||| Stepping randomly (stuck).
  4479 | D:5      | 4479 ||| Stepping randomly (stuck).
  4480 | D:5      | 4480 ||| Stepping randomly (stuck).
  4481 | D:5      | 4481 ||| Stepping randomly (stuck).
  4482 | D:5      | 4482 ||| Stepping randomly (stuck).
  4483 | D:5      | 4483 ||| Stepping randomly (stuck).
  4484 | D:5      | 4484 ||| Stepping randomly (stuck).
  4485 | D:5      | 4485 ||| Stepping randomly (stuck).
  4486 | D:5      | 4486 ||| Stepping randomly (stuck).
  4487 | D:5      | 4487 ||| Stepping randomly (stuck).
  4488 | D:5      | 4488 ||| Stepping randomly (stuck).
  4489 | D:5      | 4489 ||| Stepping randomly (stuck).
  4490 | D:5      | 4490 ||| Stepping randomly (stuck).
  4491 | D:5      | 4491 ||| Stepping randomly (stuck).
  4492 | D:5      | 4492 ||| Stepping randomly (stuck).
  4493 | D:5      | 4493 ||| Stepping randomly (stuck).
  4494 | D:5      | 4494 ||| Stepping randomly (stuck).
  4495 | D:5      | 4495 ||| Stepping randomly (stuck).
  4496 | D:5      | 4496 ||| Stepping randomly (stuck).
  4497 | D:5      | 4497 ||| Stepping randomly (stuck).
  4498 | D:5      | 4498 ||| Stepping randomly (stuck).
  4499 | D:5      | 4499 ||| Stepping randomly (stuck).
  4500 | D:5      | 4500 ||| Stepping randomly (stuck).
  4501 | D:5      | 4501 ||| Stepping randomly (stuck).
  4502 | D:5      | 4502 ||| Stepping randomly (stuck).
  4503 | D:5      | 4503 ||| Stepping randomly (stuck).
  4504 | D:5      | 4504 ||| Stepping randomly (stuck).
  4505 | D:5      | 4505 ||| Stepping randomly (stuck).
  4506 | D:5      | 4506 ||| Stepping randomly (stuck).
  4507 | D:5      | 4507 ||| Stepping randomly (stuck).
  4508 | D:5      | 4508 ||| Stepping randomly (stuck).
  4509 | D:5      | 4509 ||| Stepping randomly (stuck).
  4510 | D:5      | 4510 ||| Stepping randomly (stuck).
  4511 | D:5      | 4511 ||| Stepping randomly (stuck).
  4512 | D:5      | 4512 ||| Stepping randomly (stuck).
  4513 | D:5      | 4513 ||| Stepping randomly (stuck).
  4514 | D:5      | 4514 ||| Stepping randomly (stuck).
  4515 | D:5      | 4515 ||| Stepping randomly (stuck).
  4516 | D:5      | 4516 ||| Stepping randomly (stuck).
  4517 | D:5      | 4517 ||| Stepping randomly (stuck).
  4518 | D:5      | 4518 ||| Stepping randomly (stuck).
  4519 | D:5      | 4519 ||| Stepping randomly (stuck).
  4520 | D:5      | 4520 ||| Stepping randomly (stuck).
  4521 | D:5      | 4521 ||| Stepping randomly (stuck).
  4522 | D:5      | 4522 ||| Stepping randomly (stuck).
  4523 | D:5      | 4523 ||| Stepping randomly (stuck).
  4524 | D:5      | 4524 ||| Stepping randomly (stuck).
  4525 | D:5      | 4525 ||| Stepping randomly (stuck).
  4526 | D:5      | 4526 ||| Stepping randomly (stuck).
  4527 | D:5      | 4527 ||| Stepping randomly (stuck).
  4528 | D:5      | 4528 ||| Stepping randomly (stuck).
  4529 | D:5      | 4529 ||| Stepping randomly (stuck).
  4530 | D:5      | 4530 ||| Stepping randomly (stuck).
  4531 | D:5      | 4531 ||| Stepping randomly (stuck).
  4532 | D:5      | 4532 ||| Stepping randomly (stuck).
  4533 | D:5      | 4533 ||| Stepping randomly (stuck).
  4534 | D:5      | 4534 ||| Stepping randomly (stuck).
  4535 | D:5      | 4535 ||| Stepping randomly (stuck).
  4536 | D:5      | 4536 ||| Stepping randomly (stuck).
  4537 | D:5      | 4537 ||| Stepping randomly (stuck).
  4538 | D:5      | 4538 ||| Stepping randomly (stuck).
  4539 | D:5      | 4539 ||| Stepping randomly (stuck).
  4540 | D:5      | 4540 ||| Stepping randomly (stuck).
  4541 | D:5      | 4541 ||| Stepping randomly (stuck).
  4542 | D:5      | 4542 ||| Stepping randomly (stuck).
  4543 | D:5      | 4543 ||| Stepping randomly (stuck).
  4544 | D:5      | 4544 ||| Stepping randomly (stuck).
  4545 | D:5      | 4545 ||| Stepping randomly (stuck).
  4546 | D:5      | 4546 ||| Stepping randomly (stuck).
  4547 | D:5      | 4547 ||| Stepping randomly (stuck).
  4548 | D:5      | 4548 ||| Stepping randomly (stuck).
  4549 | D:5      | 4549 ||| Stepping randomly (stuck).
  4550 | D:5      | 4550 ||| Stepping randomly (stuck).
  4551 | D:5      | 4551 ||| Stepping randomly (stuck).
  4552 | D:5      | 4552 ||| Stepping randomly (stuck).
  4553 | D:5      | 4553 ||| Stepping randomly (stuck).
  4554 | D:5      | 4554 ||| Stepping randomly (stuck).
  4555 | D:5      | 4555 ||| Stepping randomly (stuck).
  4556 | D:5      | 4556 ||| Stepping randomly (stuck).
  4557 | D:5      | 4557 ||| Stepping randomly (stuck).
  4558 | D:5      | 4558 ||| Stepping randomly (stuck).
  4559 | D:5      | 4559 ||| Stepping randomly (stuck).
  4560 | D:5      | 4560 ||| Stepping randomly (stuck).
  4561 | D:5      | 4561 ||| Stepping randomly (stuck).
  4562 | D:5      | 4562 ||| Stepping randomly (stuck).
  4563 | D:5      | 4563 ||| Stepping randomly (stuck).
  4564 | D:5      | 4564 ||| Stepping randomly (stuck).
  4565 | D:5      | 4565 ||| Stepping randomly (stuck).
  4566 | D:5      | 4566 ||| Stepping randomly (stuck).
  4567 | D:5      | 4567 ||| Stepping randomly (stuck).
  4568 | D:5      | 4568 ||| Stepping randomly (stuck).
  4569 | D:5      | 4569 ||| Stepping randomly (stuck).
  4570 | D:5      | 4570 ||| Stepping randomly (stuck).
  4571 | D:5      | 4571 ||| Stepping randomly (stuck).
  4572 | D:5      | 4572 ||| Stepping randomly (stuck).
  4573 | D:5      | 4573 ||| Stepping randomly (stuck).
  4574 | D:5      | 4574 ||| Stepping randomly (stuck).
  4575 | D:5      | 4575 ||| Stepping randomly (stuck).
  4576 | D:5      | 4576 ||| Stepping randomly (stuck).
  4577 | D:5      | 4577 ||| Stepping randomly (stuck).
  4578 | D:5      | 4578 ||| Stepping randomly (stuck).
  4579 | D:5      | 4579 ||| Stepping randomly (stuck).
  4580 | D:5      | 4580 ||| Stepping randomly (stuck).
  4581 | D:5      | 4581 ||| Stepping randomly (stuck).
  4582 | D:5      | 4582 ||| Stepping randomly (stuck).
  4583 | D:5      | 4583 ||| Stepping randomly (stuck).
  4584 | D:5      | 4584 ||| Stepping randomly (stuck).
  4585 | D:5      | 4585 ||| Stepping randomly (stuck).
  4586 | D:5      | 4586 ||| Stepping randomly (stuck).
  4587 | D:5      | 4587 ||| Stepping randomly (stuck).
  4588 | D:5      | 4588 ||| Stepping randomly (stuck).
  4589 | D:5      | 4589 ||| Stepping randomly (stuck).
  4590 | D:5      | 4590 ||| Stepping randomly (stuck).
  4591 | D:5      | 4591 ||| Stepping randomly (stuck).
  4592 | D:5      | 4592 ||| Stepping randomly (stuck).
  4593 | D:5      | 4593 ||| Stepping randomly (stuck).
  4594 | D:5      | 4594 ||| Stepping randomly (stuck).
  4595 | D:5      | 4595 ||| Stepping randomly (stuck).
  4596 | D:5      | 4596 ||| Stepping randomly (stuck).
  4597 | D:5      | 4597 ||| Stepping randomly (stuck).
  4598 | D:5      | 4598 ||| Stepping randomly (stuck).
  4599 | D:5      | 4599 ||| Stepping randomly (stuck).
  4600 | D:5      | 4600 ||| Stepping randomly (stuck).
  4601 | D:5      | 4601 ||| Stepping randomly (stuck).
  4602 | D:5      | 4602 ||| Stepping randomly (stuck).
  4603 | D:5      | 4603 ||| Stepping randomly (stuck).
  4604 | D:5      | 4604 ||| Stepping randomly (stuck).
  4605 | D:5      | 4605 ||| Stepping randomly (stuck).
  4606 | D:5      | 4606 ||| Stepping randomly (stuck).
  4607 | D:5      | 4607 ||| Stepping randomly (stuck).
  4608 | D:5      | 4608 ||| Stepping randomly (stuck).
  4609 | D:5      | 4609 ||| Stepping randomly (stuck).
  4610 | D:5      | 4610 ||| Stepping randomly (stuck).
  4611 | D:5      | 4611 ||| Stepping randomly (stuck).
  4612 | D:5      | 4612 ||| Stepping randomly (stuck).
  4613 | D:5      | 4613 ||| Stepping randomly (stuck).
  4614 | D:5      | 4614 ||| Stepping randomly (stuck).
  4615 | D:5      | 4615 ||| Stepping randomly (stuck).
  4616 | D:5      | 4616 ||| Stepping randomly (stuck).
  4617 | D:5      | 4617 ||| Stepping randomly (stuck).
  4618 | D:5      | 4618 ||| Stepping randomly (stuck).
  4619 | D:5      | 4619 ||| Stepping randomly (stuck).
  4620 | D:5      | 4620 ||| Stepping randomly (stuck).
  4621 | D:5      | 4621 ||| Stepping randomly (stuck).
  4622 | D:5      | 4622 ||| Stepping randomly (stuck).
  4623 | D:5      | 4623 ||| Stepping randomly (stuck).
  4624 | D:5      | 4624 ||| Stepping randomly (stuck).
  4625 | D:5      | 4625 ||| Stepping randomly (stuck).
  4626 | D:5      | 4626 ||| Stepping randomly (stuck).
  4627 | D:5      | 4627 ||| Stepping randomly (stuck).
  4628 | D:5      | 4628 ||| Stepping randomly (stuck).
  4629 | D:5      | 4629 ||| Stepping randomly (stuck).
  4630 | D:5      | 4630 ||| Stepping randomly (stuck).
  4631 | D:5      | 4631 ||| Stepping randomly (stuck).
  4632 | D:5      | 4632 ||| Stepping randomly (stuck).
  4633 | D:5      | 4633 ||| Stepping randomly (stuck).
  4634 | D:5      | 4634 ||| Stepping randomly (stuck).
  4635 | D:5      | 4635 ||| Stepping randomly (stuck).
  4636 | D:5      | 4636 ||| Stepping randomly (stuck).
  4637 | D:5      | 4637 ||| Stepping randomly (stuck).
  4638 | D:5      | 4638 ||| Stepping randomly (stuck).
  4639 | D:5      | 4639 ||| Stepping randomly (stuck).
  4640 | D:5      | 4640 ||| Stepping randomly (stuck).
  4641 | D:5      | 4641 ||| Stepping randomly (stuck).
  4642 | D:5      | 4642 ||| Stepping randomly (stuck).
  4643 | D:5      | 4643 ||| Stepping randomly (stuck).
  4644 | D:5      | 4644 ||| Stepping randomly (stuck).
  4645 | D:5      | 4645 ||| Stepping randomly (stuck).
  4646 | D:5      | 4646 ||| Stepping randomly (stuck).
  4647 | D:5      | 4647 ||| Stepping randomly (stuck).
  4648 | D:5      | 4648 ||| Stepping randomly (stuck).
  4649 | D:5      | 4649 ||| Stepping randomly (stuck).
  4650 | D:5      | 4650 ||| Stepping randomly (stuck).
  4651 | D:5      | 4651 ||| Stepping randomly (stuck).
  4652 | D:5      | 4652 ||| Stepping randomly (stuck).
  4653 | D:5      | 4653 ||| Stepping randomly (stuck).
  4654 | D:5      | 4654 ||| Stepping randomly (stuck).
  4655 | D:5      | 4655 ||| Stepping randomly (stuck).
  4656 | D:5      | 4656 ||| Stepping randomly (stuck).
  4657 | D:5      | 4657 ||| Stepping randomly (stuck).
  4658 | D:5      | 4658 ||| Stepping randomly (stuck).
  4659 | D:5      | 4659 ||| Stepping randomly (stuck).
  4660 | D:5      | 4660 ||| Stepping randomly (stuck).
  4661 | D:5      | 4661 ||| Stepping randomly (stuck).
  4662 | D:5      | 4662 ||| Stepping randomly (stuck).
  4663 | D:5      | 4663 ||| Stepping randomly (stuck).
  4664 | D:5      | 4664 ||| Stepping randomly (stuck).
  4665 | D:5      | 4665 ||| Stepping randomly (stuck).
  4666 | D:5      | 4666 ||| Stepping randomly (stuck).
  4667 | D:5      | 4667 ||| Stepping randomly (stuck).
  4668 | D:5      | 4668 ||| Stepping randomly (stuck).
  4669 | D:5      | 4669 ||| Stepping randomly (stuck).
  4670 | D:5      | 4670 ||| Stepping randomly (stuck).
  4671 | D:5      | 4671 ||| Stepping randomly (stuck).
  4672 | D:5      | 4672 ||| Stepping randomly (stuck).
  4673 | D:5      | 4673 ||| Stepping randomly (stuck).
  4674 | D:5      | 4674 ||| Stepping randomly (stuck).
  4675 | D:5      | 4675 ||| Stepping randomly (stuck).
  4676 | D:5      | 4676 ||| Stepping randomly (stuck).
  4677 | D:5      | 4677 ||| Stepping randomly (stuck).
  4678 | D:5      | 4678 ||| Stepping randomly (stuck).
  4679 | D:5      | 4679 ||| Stepping randomly (stuck).
  4680 | D:5      | 4680 ||| Stepping randomly (stuck).
  4681 | D:5      | 4681 ||| Stepping randomly (stuck).
  4682 | D:5      | 4682 ||| Stepping randomly (stuck).
  4683 | D:5      | 4683 ||| Stepping randomly (stuck).
  4684 | D:5      | 4684 ||| Stepping randomly (stuck).
  4685 | D:5      | 4685 ||| Stepping randomly (stuck).
  4686 | D:5      | 4686 ||| Stepping randomly (stuck).
  4687 | D:5      | 4687 ||| Stepping randomly (stuck).
  4688 | D:5      | 4688 ||| Stepping randomly (stuck).
  4689 | D:5      | 4689 ||| Stepping randomly (stuck).
  4690 | D:5      | 4690 ||| Stepping randomly (stuck).
  4691 | D:5      | 4691 ||| Stepping randomly (stuck).
  4692 | D:5      | 4692 ||| Stepping randomly (stuck).
  4693 | D:5      | 4693 ||| Stepping randomly (stuck).
  4694 | D:5      | 4694 ||| Stepping randomly (stuck).
  4695 | D:5      | 4695 ||| Stepping randomly (stuck).
  4696 | D:5      | 4696 ||| Stepping randomly (stuck).
  4697 | D:5      | 4697 ||| Stepping randomly (stuck).
  4698 | D:5      | 4698 ||| Stepping randomly (stuck).
  4699 | D:5      | 4699 ||| Stepping randomly (stuck).
  4700 | D:5      | 4700 ||| Stepping randomly (stuck).
  4701 | D:5      | 4701 ||| Stepping randomly (stuck).
  4702 | D:5      | 4702 ||| Stepping randomly (stuck).
  4703 | D:5      | 4703 ||| Stepping randomly (stuck).
  4704 | D:5      | 4704 ||| Stepping randomly (stuck).
  4705 | D:5      | 4705 ||| Stepping randomly (stuck).
  4706 | D:5      | 4706 ||| Stepping randomly (stuck).
  4707 | D:5      | 4707 ||| Stepping randomly (stuck).
  4708 | D:5      | 4708 ||| Stepping randomly (stuck).
  4709 | D:5      | 4709 ||| Stepping randomly (stuck).
  4710 | D:5      | 4710 ||| Stepping randomly (stuck).
  4711 | D:5      | 4711 ||| Stepping randomly (stuck).
  4712 | D:5      | 4712 ||| Stepping randomly (stuck).
  4713 | D:5      | 4713 ||| Stepping randomly (stuck).
  4714 | D:5      | 4714 ||| Stepping randomly (stuck).
  4715 | D:5      | 4715 ||| Stepping randomly (stuck).
  4716 | D:5      | 4716 ||| Stepping randomly (stuck).
  4717 | D:5      | 4717 ||| Stepping randomly (stuck).
  4718 | D:5      | 4718 ||| Stepping randomly (stuck).
  4719 | D:5      | 4719 ||| Stepping randomly (stuck).
  4720 | D:5      | 4720 ||| Stepping randomly (stuck).
  4721 | D:5      | 4721 ||| Stepping randomly (stuck).
  4722 | D:5      | 4722 ||| Stepping randomly (stuck).
  4723 | D:5      | 4723 ||| Stepping randomly (stuck).
  4724 | D:5      | 4724 ||| Stepping randomly (stuck).
  4725 | D:5      | 4725 ||| Stepping randomly (stuck).
  4726 | D:5      | 4726 ||| Stepping randomly (stuck).
  4727 | D:5      | 4727 ||| Stepping randomly (stuck).
  4728 | D:5      | 4728 ||| Stepping randomly (stuck).
  4729 | D:5      | 4729 ||| Stepping randomly (stuck).
  4730 | D:5      | 4730 ||| Stepping randomly (stuck).
  4731 | D:5      | 4731 ||| Stepping randomly (stuck).
  4732 | D:5      | 4732 ||| Stepping randomly (stuck).
  4733 | D:5      | 4733 ||| Stepping randomly (stuck).
  4734 | D:5      | 4734 ||| Stepping randomly (stuck).
  4735 | D:5      | 4735 ||| Stepping randomly (stuck).
  4736 | D:5      | 4736 ||| Stepping randomly (stuck).
  4737 | D:5      | 4737 ||| Stepping randomly (stuck).
  4738 | D:5      | 4738 ||| Stepping randomly (stuck).
  4739 | D:5      | 4739 ||| Stepping randomly (stuck).
  4740 | D:5      | 4740 ||| Stepping randomly (stuck).
  4741 | D:5      | 4741 ||| Stepping randomly (stuck).
  4742 | D:5      | 4742 ||| Stepping randomly (stuck).
  4743 | D:5      | 4743 ||| Stepping randomly (stuck).
  4744 | D:5      | 4744 ||| Stepping randomly (stuck).
  4745 | D:5      | 4745 ||| Stepping randomly (stuck).
  4746 | D:5      | 4746 ||| Stepping randomly (stuck).
  4747 | D:5      | 4747 ||| Stepping randomly (stuck).
  4748 | D:5      | 4748 ||| Stepping randomly (stuck).
  4749 | D:5      | 4749 ||| Stepping randomly (stuck).
  4750 | D:5      | 4750 ||| Stepping randomly (stuck).
  4751 | D:5      | 4751 ||| Stepping randomly (stuck).
  4752 | D:5      | 4752 ||| Stepping randomly (stuck).
  4753 | D:5      | 4753 ||| Stepping randomly (stuck).
  4754 | D:5      | 4754 ||| Stepping randomly (stuck).
  4755 | D:5      | 4755 ||| Stepping randomly (stuck).
  4756 | D:5      | 4756 ||| Stepping randomly (stuck).
  4757 | D:5      | 4757 ||| Stepping randomly (stuck).
  4758 | D:5      | 4758 ||| Stepping randomly (stuck).
  4759 | D:5      | 4759 ||| Stepping randomly (stuck).
  4760 | D:5      | 4760 ||| Stepping randomly (stuck).
  4761 | D:5      | 4761 ||| Stepping randomly (stuck).
  4762 | D:5      | 4762 ||| Stepping randomly (stuck).
  4763 | D:5      | 4763 ||| Stepping randomly (stuck).
  4764 | D:5      | 4764 ||| Stepping randomly (stuck).
  4765 | D:5      | 4765 ||| Stepping randomly (stuck).
  4766 | D:5      | 4766 ||| Stepping randomly (stuck).
  4767 | D:5      | 4767 ||| Stepping randomly (stuck).
  4768 | D:5      | 4768 ||| Stepping randomly (stuck).
  4769 | D:5      | 4769 ||| Stepping randomly (stuck).
  4770 | D:5      | 4770 ||| Stepping randomly (stuck).
  4771 | D:5      | 4771 ||| Stepping randomly (stuck).
  4772 | D:5      | 4772 ||| Stepping randomly (stuck).
  4773 | D:5      | 4773 ||| Stepping randomly (stuck).
  4774 | D:5      | 4774 ||| Stepping randomly (stuck).
  4775 | D:5      | 4775 ||| Stepping randomly (stuck).
  4776 | D:5      | 4776 ||| Stepping randomly (stuck).
  4777 | D:5      | 4777 ||| Stepping randomly (stuck).
  4778 | D:5      | 4778 ||| Stepping randomly (stuck).
  4779 | D:5      | 4779 ||| Stepping randomly (stuck).
  4780 | D:5      | 4780 ||| Stepping randomly (stuck).
  4781 | D:5      | 4781 ||| Stepping randomly (stuck).
  4782 | D:5      | 4782 ||| Stepping randomly (stuck).
  4783 | D:5      | 4783 ||| Stepping randomly (stuck).
  4784 | D:5      | 4784 ||| Stepping randomly (stuck).
  4785 | D:5      | 4785 ||| Stepping randomly (stuck).
  4786 | D:5      | 4786 ||| Stepping randomly (stuck).
  4787 | D:5      | 4787 ||| Stepping randomly (stuck).
  4788 | D:5      | 4788 ||| Stepping randomly (stuck).
  4789 | D:5      | 4789 ||| Stepping randomly (stuck).
  4790 | D:5      | 4790 ||| Stepping randomly (stuck).
  4791 | D:5      | 4791 ||| Stepping randomly (stuck).
  4792 | D:5      | 4792 ||| Stepping randomly (stuck).
  4793 | D:5      | 4793 ||| Stepping randomly (stuck).
  4794 | D:5      | 4794 ||| Stepping randomly (stuck).
  4795 | D:5      | 4795 ||| Stepping randomly (stuck).
  4796 | D:5      | 4796 ||| Stepping randomly (stuck).
  4797 | D:5      | 4797 ||| Stepping randomly (stuck).
  4798 | D:5      | 4798 ||| Stepping randomly (stuck).
  4799 | D:5      | 4799 ||| Stepping randomly (stuck).
  4800 | D:5      | 4800 ||| Stepping randomly (stuck).
  4801 | D:5      | 4801 ||| Stepping randomly (stuck).
  4802 | D:5      | 4802 ||| Stepping randomly (stuck).
  4803 | D:5      | 4803 ||| Stepping randomly (stuck).
  4804 | D:5      | 4804 ||| Stepping randomly (stuck).
  4805 | D:5      | 4805 ||| Stepping randomly (stuck).
  4806 | D:5      | 4806 ||| Stepping randomly (stuck).
  4807 | D:5      | 4807 ||| Stepping randomly (stuck).
  4808 | D:5      | 4808 ||| Stepping randomly (stuck).
  4809 | D:5      | 4809 ||| Stepping randomly (stuck).
  4810 | D:5      | 4810 ||| Stepping randomly (stuck).
  4811 | D:5      | 4811 ||| Stepping randomly (stuck).
  4812 | D:5      | 4812 ||| Stepping randomly (stuck).
  4813 | D:5      | 4813 ||| Stepping randomly (stuck).
  4814 | D:5      | 4814 ||| Stepping randomly (stuck).
  4815 | D:5      | 4815 ||| Stepping randomly (stuck).
  4816 | D:5      | 4816 ||| Stepping randomly (stuck).
  4817 | D:5      | 4817 ||| Stepping randomly (stuck).
  4818 | D:5      | 4818 ||| Stepping randomly (stuck).
  4819 | D:5      | 4819 ||| Stepping randomly (stuck).
  4820 | D:5      | 4820 ||| Stepping randomly (stuck).
  4821 | D:5      | 4821 ||| Stepping randomly (stuck).
  4822 | D:5      | 4822 ||| Stepping randomly (stuck).
  4823 | D:5      | 4823 ||| Stepping randomly (stuck).
  4824 | D:5      | 4824 ||| Stepping randomly (stuck).
  4825 | D:5      | 4825 ||| Stepping randomly (stuck).
  4826 | D:5      | 4826 ||| Stepping randomly (stuck).
  4827 | D:5      | 4827 ||| Stepping randomly (stuck).
  4828 | D:5      | 4828 ||| Stepping randomly (stuck).
  4829 | D:5      | 4829 ||| Stepping randomly (stuck).
  4830 | D:5      | 4830 ||| Stepping randomly (stuck).
  4831 | D:5      | 4831 ||| Stepping randomly (stuck).
  4832 | D:5      | 4832 ||| Stepping randomly (stuck).
  4833 | D:5      | 4833 ||| Stepping randomly (stuck).
  4834 | D:5      | 4834 ||| Stepping randomly (stuck).
  4835 | D:5      | 4835 ||| Stepping randomly (stuck).
  4836 | D:5      | 4836 ||| Stepping randomly (stuck).
  4837 | D:5      | 4837 ||| Stepping randomly (stuck).
  4838 | D:5      | 4838 ||| Stepping randomly (stuck).
  4839 | D:5      | 4839 ||| Stepping randomly (stuck).
  4840 | D:5      | 4840 ||| Stepping randomly (stuck).
  4841 | D:5      | 4841 ||| Stepping randomly (stuck).
  4842 | D:5      | 4842 ||| Stepping randomly (stuck).
  4843 | D:5      | 4843 ||| Stepping randomly (stuck).
  4844 | D:5      | 4844 ||| Stepping randomly (stuck).
  4845 | D:5      | 4845 ||| Stepping randomly (stuck).
  4846 | D:5      | 4846 ||| Stepping randomly (stuck).
  4847 | D:5      | 4847 ||| Stepping randomly (stuck).
  4848 | D:5      | 4848 ||| Stepping randomly (stuck).
  4849 | D:5      | 4849 ||| Stepping randomly (stuck).
  4850 | D:5      | 4850 ||| Stepping randomly (stuck).
  4851 | D:5      | 4851 ||| Stepping randomly (stuck).
  4852 | D:5      | 4852 ||| Stepping randomly (stuck).
  4853 | D:5      | 4853 ||| Stepping randomly (stuck).
  4854 | D:5      | 4854 ||| Stepping randomly (stuck).
  4855 | D:5      | 4855 ||| Stepping randomly (stuck).
  4856 | D:5      | 4856 ||| Stepping randomly (stuck).
  4857 | D:5      | 4857 ||| Stepping randomly (stuck).
  4858 | D:5      | 4858 ||| Stepping randomly (stuck).
  4859 | D:5      | 4859 ||| Stepping randomly (stuck).
  4860 | D:5      | 4860 ||| Stepping randomly (stuck).
  4861 | D:5      | 4861 ||| Stepping randomly (stuck).
  4862 | D:5      | 4862 ||| Stepping randomly (stuck).
  4863 | D:5      | 4863 ||| Stepping randomly (stuck).
  4864 | D:5      | 4864 ||| Stepping randomly (stuck).
  4865 | D:5      | 4865 ||| Stepping randomly (stuck).
  4866 | D:5      | 4866 ||| Stepping randomly (stuck).
  4867 | D:5      | 4867 ||| Stepping randomly (stuck).
  4868 | D:5      | 4868 ||| Stepping randomly (stuck).
  4869 | D:5      | 4869 ||| Stepping randomly (stuck).
  4870 | D:5      | 4870 ||| Stepping randomly (stuck).
  4871 | D:5      | 4871 ||| Stepping randomly (stuck).
  4872 | D:5      | 4872 ||| Stepping randomly (stuck).
  4873 | D:5      | 4873 ||| Stepping randomly (stuck).
  4874 | D:5      | 4874 ||| Stepping randomly (stuck).
  4875 | D:5      | 4875 ||| Stepping randomly (stuck).
  4876 | D:5      | 4876 ||| Stepping randomly (stuck).
  4877 | D:5      | 4877 ||| Stepping randomly (stuck).
  4878 | D:5      | 4878 ||| Stepping randomly (stuck).
  4879 | D:5      | 4879 ||| Stepping randomly (stuck).
  4880 | D:5      | 4880 ||| Stepping randomly (stuck).
  4881 | D:5      | 4881 ||| Stepping randomly (stuck).
  4882 | D:5      | 4882 ||| Stepping randomly (stuck).
  4883 | D:5      | 4883 ||| Stepping randomly (stuck).
  4884 | D:5      | 4884 ||| Stepping randomly (stuck).
  4885 | D:5      | 4885 ||| Stepping randomly (stuck).
  4886 | D:5      | 4886 ||| Stepping randomly (stuck).
  4887 | D:5      | 4887 ||| Stepping randomly (stuck).
  4888 | D:5      | 4888 ||| Stepping randomly (stuck).
  4889 | D:5      | 4889 ||| Stepping randomly (stuck).
  4890 | D:5      | 4890 ||| Stepping randomly (stuck).
  4891 | D:5      | 4891 ||| Stepping randomly (stuck).
  4892 | D:5      | 4892 ||| Stepping randomly (stuck).
  4893 | D:5      | 4893 ||| Stepping randomly (stuck).
  4894 | D:5      | 4894 ||| Stepping randomly (stuck).
  4895 | D:5      | 4895 ||| Stepping randomly (stuck).
  4896 | D:5      | 4896 ||| Stepping randomly (stuck).
  4897 | D:5      | 4897 ||| Stepping randomly (stuck).
  4898 | D:5      | 4898 ||| Stepping randomly (stuck).
  4899 | D:5      | 4899 ||| Stepping randomly (stuck).
  4900 | D:5      | 4900 ||| Stepping randomly (stuck).
  4901 | D:5      | 4901 ||| Stepping randomly (stuck).
  4902 | D:5      | 4902 ||| Stepping randomly (stuck).
  4903 | D:5      | 4903 ||| Stepping randomly (stuck).
  4904 | D:5      | 4904 ||| Stepping randomly (stuck).
  4905 | D:5      | 4905 ||| Stepping randomly (stuck).
  4906 | D:5      | 4906 ||| Stepping randomly (stuck).
  4907 | D:5      | 4907 ||| Stepping randomly (stuck).
  4908 | D:5      | 4908 ||| Stepping randomly (stuck).
  4909 | D:5      | 4909 ||| Stepping randomly (stuck).
  4910 | D:5      | 4910 ||| Stepping randomly (stuck).
  4911 | D:5      | 4911 ||| Stepping randomly (stuck).
  4912 | D:5      | 4912 ||| Stepping randomly (stuck).
  4913 | D:5      | 4913 ||| Stepping randomly (stuck).
  4914 | D:5      | 4914 ||| Stepping randomly (stuck).
  4915 | D:5      | 4915 ||| Stepping randomly (stuck).
  4916 | D:5      | 4916 ||| Stepping randomly (stuck).
  4917 | D:5      | 4917 ||| Stepping randomly (stuck).
  4918 | D:5      | 4918 ||| Stepping randomly (stuck).
  4919 | D:5      | 4919 ||| Stepping randomly (stuck).
  4920 | D:5      | 4920 ||| Stepping randomly (stuck).
  4921 | D:5      | 4921 ||| Stepping randomly (stuck).
  4922 | D:5      | 4922 ||| Stepping randomly (stuck).
  4923 | D:5      | 4923 ||| Stepping randomly (stuck).
  4924 | D:5      | 4924 ||| Stepping randomly (stuck).
  4925 | D:5      | 4925 ||| Stepping randomly (stuck).
  4926 | D:5      | 4926 ||| Stepping randomly (stuck).
  4927 | D:5      | 4927 ||| Stepping randomly (stuck).
  4928 | D:5      | 4928 ||| Stepping randomly (stuck).
  4929 | D:5      | 4929 ||| Stepping randomly (stuck).
  4930 | D:5      | 4930 ||| Stepping randomly (stuck).
  4931 | D:5      | 4931 ||| Stepping randomly (stuck).
  4932 | D:5      | 4932 ||| Stepping randomly (stuck).
  4933 | D:5      | 4933 ||| Stepping randomly (stuck).
  4934 | D:5      | 4934 ||| Stepping randomly (stuck).
  4935 | D:5      | 4935 ||| Stepping randomly (stuck).
  4936 | D:5      | 4936 ||| Stepping randomly (stuck).
  4937 | D:5      | 4937 ||| Stepping randomly (stuck).
  4938 | D:5      | 4938 ||| Stepping randomly (stuck).
  4939 | D:5      | 4939 ||| Stepping randomly (stuck).
  4940 | D:5      | 4940 ||| Stepping randomly (stuck).
  4941 | D:5      | 4941 ||| Stepping randomly (stuck).
  4942 | D:5      | 4942 ||| Stepping randomly (stuck).
  4943 | D:5      | 4943 ||| Stepping randomly (stuck).
  4944 | D:5      | 4944 ||| Stepping randomly (stuck).
  4945 | D:5      | 4945 ||| Stepping randomly (stuck).
  4946 | D:5      | 4946 ||| Stepping randomly (stuck).
  4947 | D:5      | 4947 ||| Stepping randomly (stuck).
  4948 | D:5      | 4948 ||| Stepping randomly (stuck).
  4949 | D:5      | 4949 ||| Stepping randomly (stuck).
  4950 | D:5      | 4950 ||| Stepping randomly (stuck).
  4951 | D:5      | 4951 ||| Stepping randomly (stuck).
  4952 | D:5      | 4952 ||| Stepping randomly (stuck).
  4953 | D:5      | 4953 ||| Stepping randomly (stuck).
  4954 | D:5      | 4954 ||| Stepping randomly (stuck).
  4955 | D:5      | 4955 ||| Stepping randomly (stuck).
  4956 | D:5      | 4956 ||| Stepping randomly (stuck).
  4957 | D:5      | 4957 ||| Stepping randomly (stuck).
  4958 | D:5      | 4958 ||| Stepping randomly (stuck).
  4959 | D:5      | 4959 ||| Stepping randomly (stuck).
  4960 | D:5      | 4960 ||| Stepping randomly (stuck).
  4961 | D:5      | 4961 ||| Stepping randomly (stuck).
  4962 | D:5      | 4962 ||| Stepping randomly (stuck).
  4963 | D:5      | 4963 ||| Stepping randomly (stuck).
  4964 | D:5      | 4964 ||| Stepping randomly (stuck).
  4965 | D:5      | 4965 ||| Stepping randomly (stuck).
  4966 | D:5      | 4966 ||| Stepping randomly (stuck).
  4967 | D:5      | 4967 ||| Stepping randomly (stuck).
  4968 | D:5      | 4968 ||| Stepping randomly (stuck).
  4969 | D:5      | 4969 ||| Stepping randomly (stuck).
  4970 | D:5      | 4970 ||| Stepping randomly (stuck).
  4971 | D:5      | 4971 ||| Stepping randomly (stuck).
  4972 | D:5      | 4972 ||| Stepping randomly (stuck).
  4973 | D:5      | 4973 ||| Stepping randomly (stuck).
  4974 | D:5      | 4974 ||| Stepping randomly (stuck).
  4975 | D:5      | 4975 ||| Stepping randomly (stuck).
  4976 | D:5      | 4976 ||| Stepping randomly (stuck).
  4977 | D:5      | 4977 ||| Stepping randomly (stuck).
  4978 | D:5      | 4978 ||| Stepping randomly (stuck).
  4979 | D:5      | 4979 ||| Stepping randomly (stuck).
  4980 | D:5      | 4980 ||| Stepping randomly (stuck).
  4981 | D:5      | 4981 ||| Stepping randomly (stuck).
  4982 | D:5      | 4982 ||| Stepping randomly (stuck).
  4983 | D:5      | 4983 ||| Stepping randomly (stuck).
  4984 | D:5      | 4984 ||| Stepping randomly (stuck).
  4985 | D:5      | 4985 ||| Stepping randomly (stuck).
  4986 | D:5      | 4986 ||| Stepping randomly (stuck).
  4987 | D:5      | 4987 ||| Stepping randomly (stuck).
  4988 | D:5      | 4988 ||| Stepping randomly (stuck).
  4989 | D:5      | 4989 ||| Stepping randomly (stuck).
  4990 | D:5      | 4990 ||| Stepping randomly (stuck).
  4991 | D:5      | 4991 ||| Stepping randomly (stuck).
  4992 | D:5      | 4992 ||| Stepping randomly (stuck).
  4993 | D:5      | 4993 ||| Stepping randomly (stuck).
  4994 | D:5      | 4994 ||| Stepping randomly (stuck).
  4995 | D:5      | 4995 ||| Stepping randomly (stuck).
  4996 | D:5      | 4996 ||| Stepping randomly (stuck).
  4997 | D:5      | 4997 ||| Stepping randomly (stuck).
  4998 | D:5      | 4998 ||| Stepping randomly (stuck).
  4999 | D:5      | 4999 ||| Stepping randomly (stuck).
  5000 | D:5      | 5000 ||| Stepping randomly (stuck).
  5001 | D:5      | 5001 ||| Stepping randomly (stuck).
  5002 | D:5      | 5002 ||| Stepping randomly (stuck).
  5003 | D:5      | 5003 ||| Stepping randomly (stuck).
  5004 | D:5      | 5004 ||| Stepping randomly (stuck).
  5005 | D:5      | 5005 ||| Stepping randomly (stuck).
  5006 | D:5      | 5006 ||| Stepping randomly (stuck).
  5007 | D:5      | 5007 ||| Stepping randomly (stuck).
  5008 | D:5      | 5008 ||| Stepping randomly (stuck).
  5009 | D:5      | 5009 ||| Stepping randomly (stuck).
  5010 | D:5      | 5010 ||| Stepping randomly (stuck).
  5011 | D:5      | 5011 ||| Stepping randomly (stuck).
  5012 | D:5      | 5012 ||| Stepping randomly (stuck).
  5013 | D:5      | 5013 ||| Stepping randomly (stuck).
  5014 | D:5      | 5014 ||| Stepping randomly (stuck).
  5015 | D:5      | 5015 ||| Stepping randomly (stuck).
  5016 | D:5      | 5016 ||| Stepping randomly (stuck).
  5017 | D:5      | 5017 ||| Stepping randomly (stuck).
  5018 | D:5      | 5018 ||| Stepping randomly (stuck).
  5019 | D:5      | 5019 ||| Stepping randomly (stuck).
  5020 | D:5      | 5020 ||| Stepping randomly (stuck).
  5021 | D:5      | 5021 ||| Stepping randomly (stuck).
  5022 | D:5      | 5022 ||| Stepping randomly (stuck).
  5023 | D:5      | 5023 ||| Stepping randomly (stuck).
  5024 | D:5      | 5024 ||| Stepping randomly (stuck).
  5025 | D:5      | 5025 ||| Stepping randomly (stuck).
  5026 | D:5      | 5026 ||| Stepping randomly (stuck).
  5027 | D:5      | 5027 ||| Stepping randomly (stuck).
  5028 | D:5      | 5028 ||| Stepping randomly (stuck).
  5029 | D:5      | 5029 ||| Stepping randomly (stuck).
  5030 | D:5      | 5030 ||| Stepping randomly (stuck).
  5031 | D:5      | 5031 ||| Stepping randomly (stuck).
  5032 | D:5      | 5032 ||| Stepping randomly (stuck).
  5033 | D:5      | 5033 ||| Stepping randomly (stuck).
  5034 | D:5      | 5034 ||| Stepping randomly (stuck).
  5035 | D:5      | 5035 ||| Stepping randomly (stuck).
  5036 | D:5      | 5036 ||| Stepping randomly (stuck).
  5037 | D:5      | 5037 ||| Stepping randomly (stuck).
  5038 | D:5      | 5038 ||| Stepping randomly (stuck).
  5039 | D:5      | 5039 ||| Stepping randomly (stuck).
  5040 | D:5      | 5040 ||| Stepping randomly (stuck).
  5041 | D:5      | 5041 ||| Stepping randomly (stuck).
  5042 | D:5      | 5042 ||| Stepping randomly (stuck).
  5043 | D:5      | 5043 ||| Stepping randomly (stuck).
  5044 | D:5      | 5044 ||| Stepping randomly (stuck).
  5045 | D:5      | 5045 ||| Stepping randomly (stuck).
  5046 | D:5      | 5046 ||| Stepping randomly (stuck).
  5047 | D:5      | 5047 ||| Stepping randomly (stuck).
  5048 | D:5      | 5048 ||| Stepping randomly (stuck).
  5049 | D:5      | 5049 ||| Stepping randomly (stuck).
  5050 | D:5      | 5050 ||| Stepping randomly (stuck).
  5051 | D:5      | 5051 ||| Stepping randomly (stuck).
  5052 | D:5      | 5052 ||| Stepping randomly (stuck).
  5053 | D:5      | 5053 ||| Stepping randomly (stuck).
  5054 | D:5      | 5054 ||| Stepping randomly (stuck).
  5055 | D:5      | 5055 ||| Stepping randomly (stuck).
  5056 | D:5      | 5056 ||| Stepping randomly (stuck).
  5057 | D:5      | 5057 ||| Stepping randomly (stuck).
  5058 | D:5      | 5058 ||| Stepping randomly (stuck).
  5059 | D:5      | 5059 ||| Stepping randomly (stuck).
  5060 | D:5      | 5060 ||| Stepping randomly (stuck).
  5061 | D:5      | 5061 ||| Stepping randomly (stuck).
  5062 | D:5      | 5062 ||| Stepping randomly (stuck).
  5063 | D:5      | 5063 ||| Stepping randomly (stuck).
  5064 | D:5      | 5064 ||| Stepping randomly (stuck).
  5065 | D:5      | 5065 ||| Stepping randomly (stuck).
  5066 | D:5      | 5066 ||| Stepping randomly (stuck).
  5067 | D:5      | 5067 ||| Stepping randomly (stuck).
  5068 | D:5      | 5068 ||| Stepping randomly (stuck).
  5069 | D:5      | 5069 ||| Stepping randomly (stuck).
  5070 | D:5      | 5070 ||| Stepping randomly (stuck).
  5071 | D:5      | 5071 ||| Stepping randomly (stuck).
  5072 | D:5      | 5072 ||| Stepping randomly (stuck).
  5073 | D:5      | 5073 ||| Stepping randomly (stuck).
  5074 | D:5      | 5074 ||| Stepping randomly (stuck).
  5075 | D:5      | 5075 ||| Stepping randomly (stuck).
  5076 | D:5      | 5076 ||| Stepping randomly (stuck).
  5077 | D:5      | 5077 ||| Stepping randomly (stuck).
  5078 | D:5      | 5078 ||| Stepping randomly (stuck).
  5079 | D:5      | 5079 ||| Stepping randomly (stuck).
  5080 | D:5      | 5080 ||| Stepping randomly (stuck).
  5081 | D:5      | 5081 ||| Stepping randomly (stuck).
  5082 | D:5      | 5082 ||| Stepping randomly (stuck).
  5083 | D:5      | 5083 ||| Stepping randomly (stuck).
  5084 | D:5      | 5084 ||| Stepping randomly (stuck).
  5085 | D:5      | 5085 ||| Stepping randomly (stuck).
  5086 | D:5      | 5086 ||| Stepping randomly (stuck).
  5087 | D:5      | 5087 ||| Stepping randomly (stuck).
  5088 | D:5      | 5088 ||| Stepping randomly (stuck).
  5089 | D:5      | 5089 ||| Stepping randomly (stuck).
  5090 | D:5      | 5090 ||| Stepping randomly (stuck).
  5091 | D:5      | 5091 ||| Stepping randomly (stuck).
  5092 | D:5      | 5092 ||| Stepping randomly (stuck).
  5093 | D:5      | 5093 ||| Stepping randomly (stuck).
  5094 | D:5      | 5094 ||| Stepping randomly (stuck).
  5095 | D:5      | 5095 ||| Stepping randomly (stuck).
  5096 | D:5      | 5096 ||| Stepping randomly (stuck).
  5097 | D:5      | 5097 ||| Stepping randomly (stuck).
  5098 | D:5      | 5098 ||| Stepping randomly (stuck).
  5099 | D:5      | 5099 ||| Stepping randomly (stuck).
  5100 | D:5      | 5100 ||| Stepping randomly (stuck).
  5101 | D:5      | 5101 ||| Stepping randomly (stuck).
  5102 | D:5      | 5102 ||| Stepping randomly (stuck).
  5103 | D:5      | 5103 ||| Stepping randomly (stuck).
  5104 | D:5      | 5104 ||| Stepping randomly (stuck).
  5105 | D:5      | 5105 ||| Stepping randomly (stuck).
  5106 | D:5      | 5106 ||| Stepping randomly (stuck).
  5107 | D:5      | 5107 ||| Stepping randomly (stuck).
  5108 | D:5      | 5108 ||| Stepping randomly (stuck).
  5109 | D:5      | 5109 ||| Stepping randomly (stuck).
  5110 | D:5      | 5110 ||| Stepping randomly (stuck).
  5111 | D:5      | 5111 ||| Stepping randomly (stuck).
  5112 | D:5      | 5112 ||| Stepping randomly (stuck).
  5113 | D:5      | 5113 ||| Stepping randomly (stuck).
  5114 | D:5      | 5114 ||| Stepping randomly (stuck).
  5115 | D:5      | 5115 ||| Stepping randomly (stuck).
  5116 | D:5      | 5116 ||| Stepping randomly (stuck).
  5117 | D:5      | 5117 ||| Stepping randomly (stuck).
  5118 | D:5      | 5118 ||| Stepping randomly (stuck).
  5119 | D:5      | 5119 ||| Stepping randomly (stuck).
  5120 | D:5      | 5120 ||| Stepping randomly (stuck).
  5121 | D:5      | 5121 ||| Stepping randomly (stuck).
  5122 | D:5      | 5122 ||| Stepping randomly (stuck).
  5123 | D:5      | 5123 ||| Stepping randomly (stuck).
  5124 | D:5      | 5124 ||| Stepping randomly (stuck).
  5125 | D:5      | 5125 ||| Stepping randomly (stuck).
  5126 | D:5      | 5126 ||| Stepping randomly (stuck).
  5127 | D:5      | 5127 ||| Stepping randomly (stuck).
  5128 | D:5      | 5128 ||| Stepping randomly (stuck).
  5129 | D:5      | Quit the game

Levels and vault maps discovered:
D:1:      saegor_arrival_simple_c, layout_loops_cross, eino_curves_01
D:2:      layout_basic, uniq_crazy_yiuf_cottage
D:3:      layout_basic, mainiacjoe_overflow_cross_hatched,
          nicolae_overflow_crystal_walls, minmay_misc_feat_enclosed
D:4:      layout_loops_cross, amcnicky_altar_gilded,
          minmay_temple_entry_junction, minmay_mini_jars, uniq_pikel
D:5:      layout_cave_pools, mainiacjoe_overflow_small_starburst,
          enter_ossuary_4, serial_shops, nicolae_shop_peninsula
Temple:   cyrus_temple_forest

Skill      XL: |  1  2  3  4  5  6  7  8  9 |
---------------+----------------------------+-----
Axes           | 2 3 6 7 9 |  9.8
Fighting       | 5 6 7 |  7.2
Dodging        | 1 |  1.4
Shields        | 4 |  4.5
Armour         | |  3.2

Action                     |  1- 3 |  4- 6 |  7- 9 || total
---------------------------+-------+-------+-------++-------
  Melee: War axe           |    95 |    36 |   229 ||   360
    Use: Scroll            |     6 |     1 |     3 ||    10
         Potion            |     1 |     1 |     2 ||     4
 Armour: Scale mail        |    49 |    10 |   131 ||   190
  Dodge: Dodged            |    53 |    10 |   112 ||   175
  Block: Buckler           |    13 |    14 |    39 ||    66

Table legend:
 A = Non-vault XP
 B = Vault XP
 C = Vault XP percentage of total XP
 D = Non-vault monster count
 E = Vault monster count
 F = Vault count percentage of total count
                 A         B        C        D         E       F
            +---------+---------+-------+---------+---------+-------
      Total |    2485 |    1053 |  29.8 |      88 |      11 |  11.1
            +---------+---------+-------+---------+---------+-------
        D:1 |       8 |       0 |   0.0 |       5 |       0 |   0.0
        D:2 |      39 |       0 |   0.0 |      18 |       0 |   0.0
        D:3 |      53 |       0 |   0.0 |      25 |       0 |   0.0
        D:4 |     374 |    1053 |  73.8 |       9 |      11 |  55.0
        D:5 |    2011 |       0 |   0.0 |      31 |       0 |   0.0
            +---------+---------+-------+---------+---------+-------
